 Dungeon Crawl Stone Soup version 0.29-a0-283-ga02f740833 (console) character file.

Game seed: 3113847283593641284

41 reimia the Chiller (level 3, -6/26 HPs)
             Began as a Demonspawn Wanderer on Mar 13, 2022.
             Was a Follower of Fedhas.
             Mangled by a gnoll
             ... wielding a +0 flail
              (11 damage)
             ... on level 2 of the Dungeon.
             The game lasted 00:02:58 (1110 turns).

reimia the Chiller (Demonspawn Wanderer)            Turns: 1110, Time: 00:02:59

Health: -6/26      AC:  2    Str:  9    XL:     3   Next: 32%
Magic:  2/4        EV: 10    Int: 15    God:    Fedhas [*.....]
Gold:   68         SH:  5    Dex: 15    Spells: 3/4 levels left

rFire   . . .      SeeInvis .   a - +0 long sword
rCold   . . .      Faith    .   b - +0 buckler
rNeg    . . .      Spirit   .   d - +0 robe
rPois   .          Reflect  .   (no helmet)
rElec   .          Harm     .   (no cloak)
rCorr   .          Rampage  .   (no gloves)
Will    .....                   (no boots)
Stlth   +.........              (no amulet)
HPRegen 0.08/turn               (no ring)
MPRegen 0.09/turn               (no ring)

@: no status effects
A: claws 1, powered by pain 1
a: Renounce Religion


You were on level 2 of the Dungeon.
You worshipped Fedhas.
Fedhas was aware of your devotion.
You visited 1 branch of the dungeon, and saw 2 of its levels.

You collected 68 gold pieces.

Inventory:

Hand Weapons
 a - a +0 long sword (weapon)
Armour
 b - a +0 buckler (worn)
 d - a +0 robe (worn)
Scrolls
 f - 3 scrolls of identify {unknown}
 g - a scroll of silence {unknown}
 h - a scroll of immolation {unknown}
 i - a scroll of enchant weapon {unknown}
 j - a scroll of noise {unknown}
Potions
 c - a potion of berserk rage
 e - 2 potions of curing {unknown}


   Skills:
 - Level 1.0 Fighting
 - Level 2.6 Long Blades
 - Level 2.6 Shields
 - Level 1.0 Spellcasting
 + Level 3.4 Ice Magic


You had 3 spell levels left.
You knew the following spells:

 Your Spells              Type           Power      Damage    Failure   Level
a - Freeze                Ice            44%        1d6       8%          1

Your spell library contained the following spells:

 Spells                   Type           Power      Damage    Failure   Level
 Frozen Ramparts          Ice            22%        1d4       24%         3


Dungeon Overview and Level Annotations

Branches:
Dungeon (2/15)

Altars:
Fedhas


Innate Abilities, Weirdness & Mutations

You have sharp fingernails.
You sometimes gain a little power by taking damage.


Message History

Confirm with . or Enter, or press ? or * to list all spells.
Aiming: Freeze (safe; 9% risk of failure)
Press: ? - help, Shift-Dir - straight line, f/p - gnoll
Aim: a gnoll, wielding a +0 club (heavily wounded)
You freeze the gnoll.
The gnoll is almost dead.
You block the gnoll's attack.
Casting: Freeze (safe; 9% risk of failure)
Confirm with . or Enter, or press ? or * to list all spells.
You don't have enough magic to cast this spell.
Unknown command.
You hit the gnoll.
You kill the gnoll!
Fedhas appreciates your contribution to the ecosystem.
Press: ? - help, v - describe, . - travel, g - get item
Here: a gnoll, wielding a +0 flail Item here: a +0 club.
The floor.
The gnoll attacks as you move away! The gnoll hits you with a +0 flail!
Ouch! That really hurt!
You focus on the pain.
You feel your power returning.
Casting: Freeze (safe; 8% risk of failure)
Confirm with . or Enter, or press ? or * to list all spells.
Aiming: Freeze (safe; 8% risk of failure)
Press: ? - help, Shift-Dir - straight line, f - gnoll
Aim: a gnoll, wielding a +0 flail You freeze the gnoll.
The gnoll is lightly wounded.
The gnoll hits you with a +0 flail.
* * * LOW HITPOINT WARNING * * *
Casting: Freeze (safe; 8% risk of failure)
Confirm with . or Enter, or press ? or * to list all spells.
Aiming: Freeze (safe; 8% risk of failure)
Press: ? - help, Shift-Dir - straight line, f/p - gnoll
Aim: a gnoll, wielding a +0 flail (lightly wounded)
You freeze the gnoll.
The gnoll is lightly wounded.
The gnoll hits you with a +0 flail!
You die...
Fedhas appreciates your contribution to the ecosystem.

..#### ..... ....#
#....# ###....# #.#
#......# #.#######
##......# #.#.....#
#..<...# #.#.....#
#......# #.#.@gg.#
#....†.# #.#.###g#####
#......#####.#...#.....#
#.#..........)...#..g..#
#.#.######.......#.....#
#.#.# #.......#.....#
##### #.#.#
#.#.#.###.....####...#
#.# #.#.#.#
#........g...# #.#
#.#.#.# ##########g..#


You could see 3 gnolls.

Vanquished Creatures
  A gnoll (D:2)
  5 bats
  An endoplasm (D:1)
  A giant cockroach (D:1)
  5 goblins
  A hobgoblin (D:1)
  2 quokkas (D:1)
  5 ball pythons (D:1)
  5 kobolds (D:1)
  4 rats
30 creatures vanquished.

Vanquished Creatures (others)
  2 plants (D:1)
2 creatures vanquished.

Grand Total: 32 creatures vanquished

Notes
Turn   | Place    | Note
-------+----------+-------------------------------------------
     0 | D:1      | reimia the Demonspawn Wanderer began the quest for the Orb.
     0 | D:1      | reimia set off with the following items: a +0 long sword, a
                  | +0 buckler, a potion of berserk rage, a +0 robe; and the
                  | following spell memorised: Freeze; and the following spells
                  | available to memorise: Frozen Ramparts
     0 | D:1      | Reached XP level 1. HP: 15/15 MP: 2/2
    60 | D:1      | Reached skill level 2 in Ice Magic
   146 | D:1      | Gained mutation: You have sharp fingernails. [demonic
                  | ancestry]
   146 | D:1      | Reached XP level 2. HP: 17/21 MP: 0/3
   629 | D:1      | Reached skill level 3 in Ice Magic
   853 | D:1      | Found a faded altar of an unknown god.
   954 | D:1      | Prayed at the altar of an unknown god.
   954 | D:1      | Became a worshipper of Fedhas Madash
   954 | D:1      | Reached * piety under Fedhas
  1022 | D:2      | Gained mutation: You sometimes gain a little power by
                  | taking damage. [demonic ancestry]
  1022 | D:2      | Reached XP level 3. HP: 26/26 MP: 4/4
  1110 | D:2      | Mangled by a gnoll

Illustrated notes

Levels and vault maps discovered:
D:1:      wander_arrival_estate, layout_basic,
          shapermc_ecumenical_altar_mp_urbaneastern, item_on_display_a
D:2:      layout_basic, minmay_hexomino_f4, uniq_sigmund

Skill      XL: |  1  2 |
---------------+-------+-----
Ice Magic      | 2 3 |  3.4
Fighting       | |  1.0
Long Blades    | |  2.6
Shields        | |  2.6
Spellcasting   | |  1.0

Action                   || total
-------------------------++-------
Melee: Long sword        ||    62
 Cast: Freeze            ||    11
Armor: Robe              ||    20
Dodge: Dodged            ||    29
Block: Buckler           ||    15

Table legend: (Time is in decaauts)
 A = Elapsed time spent in this place.
 B = Non-inter-level travel time spent in this place.
 C = Inter-level travel time spent in this place.
 D = Time resting spent in this place.
 E = Time spent auto-exploring this place.
 F = Levels seen in this place.
 G = Mean time per level.
                   A        B        C        D        E       F      G
               +--------+--------+--------+--------+--------+-----+--------+
         Total |   1129 |   1090 |     39 |     53 |    775 |   2 |  564.5 |
       Dungeon |   1129 |   1090 |     39 |     53 |    775 |   2 |  564.5 |
               +--------+--------+--------+--------+--------+-----+--------+

Top non-repeatable levels by time:
     D:1: 1030 daAuts
     D:2: 99 daAuts
